 Dungeon Crawl Stone Soup version 0.30-b1-2-g02819fbbbe (webtiles) character file.

Game seed: 15011149956403646490

3 DarkAdoniis the Sneak (level 1, 9/9 HPs)
             Began as a Spriggan Enchanter on Nov 2, 2023.
             Quit the game on level 1 of the Dungeon on Nov 12, 2023.
             The game lasted 00:01:20 (74 turns).

DarkAdoniis the Sneak (Spriggan Enchanter)            Turns: 74, Time: 00:01:21

Health: 9/9        AC:  2    Str:  4    XL:     1   Next: 41%
Magic:  5/5        EV: 17    Int: 16    God:
Gold:   0          SH:  0    Dex: 15    Spells: 5/5 levels left

rFire   . . .        a - +1 dagger
rCold   . . .        (no shield)
rNeg    . . .        b - +0 robe
rPois   .            (helmet restricted)
rElec   .            (no cloak)
rCorr   .            (gloves unavailable)
SInv    +            (boots unavailable)
Will    .....        (no amulet)
Stlth   +++          (no ring)
HPRegen 0.21/turn    (no ring)
MPRegen 0.09/turn

%: no passive effects
@: very quick
A: very small, no large weapons, unfitting armour, see invisible, speed 3
a: no special abilities


You were on level 1 of the Dungeon.
You visited 1 branch of the dungeon, and saw 1 of its levels.

Inventory:

Hand Weapons
 a - a +1 dagger (weapon)
Missiles
 e - 9 stones (quivered)
Armour
 b - a +0 robe (worn)
Scrolls
 d - a scroll of blinking {unknown}
Potions
 c - 2 potions of invisibility


   Skills:
 + Level 1.2 Short Blades
 + Level 2.8 Dodging
 + Level 4.5 Stealth
 + Level 2.7 Spellcasting
 + Level 3.7 Hexes


You had 5 spell levels left.
You didn't know any spells.
Your spell library contained the following spells:

 Spells                   Type           Power      Damage    Failure   Level
 Confusing Touch          Hex            14%        N/A       13%         3
 Tukima's Dance           Hex            14%        N/A       13%         3
 Ensorcelled Hibernation  Hex/Ice        16%        N/A       14%         2
 Dazzling Flash           Conj/Hex       16%        N/A       26%         3


Dungeon Overview and Level Annotations

Branches:
Dungeon (1/15)

Altars:


Innate Abilities, Weirdness & Mutations

You are very small and have problems with some larger weapons.
You are too small for most types of armour.
You have supernaturally acute eyesight. (SInv)
You cover ground extremely quickly. (Speed+++)


Message History

You hit the ball python.
You kill the ball python!
You hit the frilled lizard.
The frilled lizard is heavily wounded.
You closely miss the frilled lizard.
The frilled lizard is heavily wounded.
The frilled lizard misses you.
You hit the frilled lizard.
You kill the frilled lizard!
A kobold comes into view. It is wielding a +0 club.
Found 4 stones.
Found a short jewelled staff.
You see here a scroll labelled YRYOCY JYXKI.
You see here 4 stones.
The helpless kobold fails to defend itself.
You impale the kobold!!
You kill the kobold!
You see here a staff of fire.
You see here 4 stones.
d - a scroll labelled YRYOCY JYXKI You open the door.
You see here 4 stones.
There are no items here.
A frilled lizard comes into view.
The frilled lizard hisses angrily.
Things that are here:
a +0 club; 5 stones; a kobold corpse You hit the frilled lizard.
You kill the frilled lizard!
Saving game... please wait.
Welcome back, DarkAdoniis the Spriggan Enchanter.
Press ? for a list of commands and other information.
Things that are here:
5 stones; a +0 club; a kobold corpse
e - 5 stones
e - 9 stones (gained 4)
There is an open door here.
Welcome back, DarkAdoniis the Spriggan Enchanter.
Press ? for a list of commands and other information.
Are you sure you want to abandon this character and quit the game? (Confirm with "yes".)

### #.### #...# #.#.#
####.#.# ##
#....#.####### ..#
#.##.....@...#
..######.##.#.#####.#
.......#....#.# .#...
.......#....#.#####.#..
.......'.#.##......).....
.......###.#.............
...).....#.#......S. ....
.....|##.#....#....#.....
......#..##...#.##l#.....


There were no monsters in sight!

Vanquished Creatures
  A ball python (D:1)
  2 frilled lizards (D:1)
  A kobold (D:1)
4 creatures vanquished.

Notes
Turn   | Place    | Note
-------+----------+-------------------------------------------
     0 | D:1      | DarkAdoniis the Spriggan Enchanter began the quest for the
                  | Orb.
     0 | D:1      | Reached XP level 1. HP: 9/9 MP: 5/5
    74 | D:1      | Quit the game

Illustrated notes

Levels and vault maps discovered:
D:1:      psy_arrival_radial02, layout_basic, serial_shops,
          nicolae_shop_behind_doors

Action                     || total
---------------------------++-------
  Melee: Dagger            ||     8
   Stab: Sleeping          ||     1
  Dodge: Dodged            ||     3
